Map: 亚历山大港 - 天梯版

Players

PtitDrogo - Winner!

  • Race: Protoss Protoss
  • League: Platinum

PSiArc

  • Race: Terran Terran
  • League: Platinum

Event: WESG 2018 Grand Finals

VOD

Have the link to the VOD?

Description

Time

  • Played on: March 12, 2019, 6:09 a.m.
  • Length: 8:26

All games in this series

Show
View Real Time Build Order
Export as new Build Order

PtitDrogo Protoss - Winner!

Build Orders: 1 Gate Expand, Zealot Archon 

Get SALT Encoding   

  12  0:00  Probe  
  13  0:12  Probe  
  14  0:18  Pylon  
  14  0:24  Probe  
  15  0:32  Probe  
  15  0:37  Gateway  
  15  0:40  Probe  
  16  0:46  Assimilator  
  17  0:51  Probe  
  18  1:03  Probe  
  19  1:15  Probe  
  20  1:24  Nexus  
  20  1:35  Cybernetics Core  
  20  1:37  Probe  
  21  1:42  Assimilator  
  21  1:49  Probe  
  21  1:51  Pylon  
  22  2:01  Stalker, Probe  
  23  2:11  Warp Gate  
  23  2:13  Probe  
  26  2:25  Probe  
  26  2:26  Robotics Facility  
  27  2:32  Probe  
  27  2:33  Probe  
  28  2:39  Stalker  
  28  2:40  Probe  
  28  2:41  Probe  
  31  2:50  Probe  
  33  2:51  Probe  
  35  3:02  Probe  
  35  3:03  Probe  
  37  3:06  Observer  
  37  3:14  Sentry, Probe  
  37  3:15  Gateway  
  37  3:16  Probe  
  37  3:17  Gateway  
  42  3:24  Pylon  
  42  3:26  Probe, Observer  
  43  3:28  Probe  
  43  3:33  Assimilator  
  45  3:35  Assimilator  
  45  3:36  Probe  
  46  3:42  Probe  
  46  3:45  Probe  
  46  3:46  Pylon  
  48  3:53  Probe  
  48  3:54  Probe  
  48  3:55  Warp Prism  
  49  3:59  Stalker  
  54  4:05  Probe  
  54  4:06  Probe  
  56  4:11  Stalker x2  
  56  4:17  Probe  
  56  4:23  Probe  
  56  4:25  Probe  
  56  4:27  Stalker  
  56  4:29  Pylon  
  59  4:37  Robotics Bay  
  55  4:46  Stalker x2  
  55  4:51  Probe  
  60  5:01  Stalker  
  60  5:06  Probe x2  
  64  5:12  Stalker x2  
  66  5:18  Probe x2  
  67  5:26  Probe x2  
  67  5:28  Stalker  
  67  5:34  Probe x2  
  67  5:40  Pylon  
  69  5:43  Probe  
  69  5:45  Probe  
  64  5:51  Probe  
  64  5:55  Twilight Council  
  65  5:57  Probe  
  65  5:59  Probe, Forge  
  67  6:10  Probe  
  67  6:12  Stalker  
  67  6:13  Stalker  
  67  6:17  Observer  
  71  6:22  Protoss Ground Weapons Level 1, Blink  
  72  6:26  Stalker  
  73  6:40  Probe  
  73  6:41  Immortal  
  73  6:43  Pylon  
  78  6:47  Templar Archives  
  78  6:52  Gateway  
  78  7:02  Pylon  
  78  7:05  Pylon  
  78  7:08  Stalker, Sentry  
  82  7:16  Shield Battery  
  82  7:20  Stalker  
  82  7:21  Shield Battery  
  84  7:33  Immortal  
  84  7:37  High Templar x2  
  84  7:41  Archon  
  88  7:45  High Templar  
  88  7:47  High Templar  
  90  7:52  Archon  
  82  8:18  Stalker x3  
  69  8:22  Stalker  
Show
View Real Time Build Order
Export as new Build Order

PSiArc Terran 

Build Orders: Gas First Reaper Expand 

Get SALT Encoding   

  12  0:00  SCV  
  13  0:13  SCV  
  14  0:18  Supply Depot  
  14  0:25  SCV  
  15  0:33  Refinery  
  15  0:39  SCV  
  16  0:45  Barracks  
  16  0:51  SCV  
  17  1:03  SCV  
  18  1:16  SCV  
  19  1:32  Reaper, Orbital Command  
  20  1:45  Command Center  
  20  1:55  Factory  
  20  1:58  SCV  
  21  2:05  Refinery  
  21  2:11  Barracks Reactor  
  21  2:12  SCV  
  22  2:19  Supply Depot  
  22  2:24  SCV  
  23  2:41  Starport, SCV  
  28  2:51  Hellion x2  
  28  2:53  SCV  
  28  2:56  Barracks Tech Lab  
  29  3:03  Orbital Command  
  29  3:09  SCV  
  30  3:15  Hellion x2  
  34  3:20  Medivac  
  34  3:23  SCV  
  37  3:29  Stimpack  
  37  3:31  SCV  
  38  3:37  Widow Mine x2  
  38  3:39  SCV  
  42  3:43  Supply Depot  
  42  3:46  SCV  
  43  3:51  Marine  
  43  3:54  SCV  
  45  4:01  Barracks  
  45  4:04  SCV  
  45  4:06  SCV  
  45  4:07  Liberator  
  45  4:08  Barracks  
  45  4:17  Marine, SCV  
  44  4:19  Factory Tech Lab  
  44  4:22  SCV  
  42  4:29  SCV  
  42  4:30  Bunker  
  42  4:31  Engineering Bay  
  46  4:35  SCV  
  47  4:42  Marauder  
  47  4:43  Siege Tank  
  52  4:49  Supply Depot, SCV  
  52  4:52  Marine  
  54  4:58  SCV  
  54  5:01  Marine  
  54  5:02  Marine  
  52  5:12  Marine  
  48  5:16  SCV  
  44  5:23  Marine x3  
  47  5:37  Marine  
  47  5:41  Marine  
  47  5:42  Marine x2, SCV  
  46  5:50  Siege Tank  
  46  5:55  Marine  
  50  5:58  Supply Depot  
  50  6:06  Marine x3  
  53  6:23  Marine  
  53  6:24  Marine x2  
  56  6:28  Viking  
  56  6:30  Supply Depot  
  58  6:34  Marine  
  58  6:37  Combat Shield  
  59  6:46  Marine  
  60  6:49  Marine  
  60  6:50  Marine  
  62  6:56  Marine  
  62  7:04  Marine  
  62  7:07  Marine  
  55  7:17  Marine  
  55  7:38  Marine x3  
  53  7:51  Bunker  
  50  8:00  Marine x2  
Tags
 
Add a new tag
Caveats
  • Supply blocks, unpowered buildings, or Contaminate may cause inaccurate times.
  • Supply counts are checked every 10 seconds.